 Dungeon Crawl Stone Soup version 0.16.1-2-g95b8d4c (console) character file.

229 gw the Gusty (level 5, 0/34 HPs)
             Began as a High Elf Air Elementalist on Mar 26, 2015.
             Slain by a gnoll
             ... wielding a +0 spear
              (1 damage)
             ... on level 3 of the Dungeon.
             The game lasted 00:03:29 (3093 turns).

gw the Gusty (High Elf Air Elementalist)            Turns: 3093, Time: 00:03:29

Health: 0/34       AC:  4    Str:  7    XL:     5   Next: 71%
Magic:  0/17       EV: 13    Int: 20    God:
Gold:   88         SH:  0    Dex: 15    Spells: 5 memorised, 2 levels left

rFire  . . .     SeeInvis .     a - +0 short sword
rCold  . . .     Clarity  .     f - +0 leather armour
rNeg   + . .     SustAb   .     (no shield)
rPois  .         Gourm    .     (no helmet)
rElec  .         Spirit   .     (no cloak)
rCorr  .         Warding  .     (no gloves)
rMut   .         Stasis   .     g - +0 pair of boots
MR     .....                    (no amulet)
Stlth  ++........               (no ring)
                                e - ring of positive energy

@: lethally poisoned (0 -> -3), repel missiles, not resistant to hostile
enchantments, unstealthy
A: no striking features
a: no special abilities


You were on level 3 of the Dungeon.
You were hungry.

You visited 1 branch of the dungeon, and saw 3 of its levels.

You collected 88 gold pieces.

Inventory:

Hand weapons
 a - a +0 short sword (weapon)
Missiles
 h - 51 arrows
Armour
 f - a +0 leather armour (worn)
 g - a +0 pair of boots (worn)
Jewellery
 e - a ring of positive energy (left hand)
Scrolls
 d - 2 scrolls of identify
Books
 b - a book of Air

   Spells                             Type                      Level
   a - Shock                          Conjuration/Air              1
   b - Swiftness                      Charms/Air                   2
   c - Repel Missiles                 Charms/Air                   2
   d - Flight                         Charms/Air                   3
   e - Static Discharge               Conjuration/Air              3
   f - Lightning Bolt                 Conjuration/Air              5
 m - a book of Annihilations {highlevel, unknown}

   This book is beyond your current level of understanding.

   Spells                             Type                      Level
   a - Poison Arrow                   Conjuration/Poison           6
   b - Chain Lightning                Conjuration/Air              8
   c - Lehudib's Crystal Spear        Conjuration/Earth            8
   d - Glaciate                       Conjuration/Ice              9
   e - Fire Storm                     Conjuration/Fire             9
Comestibles
 c - a beef jerky
 i - a bread ration


   Skills:
 + Level 2.0 Fighting
 + Level 3.5 Dodging
 - Level 2.1 Stealth
 * Level 4.7 Spellcasting
 - Level 1.1 Conjurations
 + Level 4.8 Air Magic


You had 2 spell levels left.
You knew the following spells:

 Your Spells              Type           Power        Failure   Level  Hunger
a - Shock                 Conj/Air       ###.         6%          1    None
b - Swiftness             Chrm/Air       ##......     12%         2    #......
c - Repel Missiles        Chrm/Air       ##....       12%         2    #......
d - Flight                Chrm/Air       ##........   21%         3    ##.....
e - Static Discharge      Conj/Air       ###.....     17%         3    ##.....


Dungeon Overview and Level Annotations

Branches:
Dungeon (3/15)

Altars:


Message History

Unknown command.
Unknown command.
Unknown command.
Casting: Shock
Confirm with . or Enter, or press ? or * to list all spells.
Aiming: Shock
Press: ? - help, Shift-Dir - straight line, f - gnoll
Aim: a gnoll, wielding a spear (moderately wounded)
The zap hits the gnoll.
The gnoll is severely wounded.
The gnoll drinks a potion.
The gnoll is healed!
Unknown command.
Unknown command.
Unknown command.
Unknown command.
ATTACK MOVE TO (0,1)
You hit the gnoll.
The gnoll is lightly wounded.
You feel sick. The gnoll hits you with a spear.
You die...

................# .......
................# .......
....).........#####........
...........>......'........
..............#####).......
.......%......# )).....
..............#####.......
..........................
.............%..e##.......
...............)g# ......
.............%...# ......
.................# . ...
.................# .
......#####......# .....
#......# ... .....# ..#


You could see a gnoll.

Table legend:
 A = Turns spent in this place as a percentage of turns spent in the entire game.
 B = Non-inter-level travel turns spent in this place as a percentage of non-inter-level travel turns spent in the entire game.
 C = Inter-level travel turns spent in this place as a percentage of turns spent in this place.
 D = Turns resting spent in this place as a percentage of non-inter-level travel turns spent in this place.
 E = Turns spent auto-exploring this place as a percentage of non-inter-level travel turns spent in this place.
 F = Non-inter-level travel turns spent in this place divided by the number of levels of this place that you've seen.
                   A       B       C       D       E      F
               +-------+-------+-------+-------+-------+----------------------
         Total | 100.0 | 100.0 |   0.4 |   3.0 |   2.1 | 1318.7
       Dungeon | 100.0 | 100.0 |   0.4 |   3.0 |   2.1 | 1318.7
               +-------+-------+-------+-------+-------+----------------------

Table legend:
 A = Kills in this place as a percentage of kills in entire the game.
 B = Kills by you in this place as a percentage of kills by you in the entire game.
 C = Kills by friends in this place as a percentage of kills by friends in the entire game.
 D = Other kills in this place as a percentage of other kills in the entire game.
 E = Experience gained in this place as a percentage of experience gained in the entire game.
 F = Experience gained in this place divided by the number of levels of this place that you have seen.
                   A       B       C       D       E      F
               +-------+-------+-------+-------+-------+----------------------
         Total | 100.0 | 100.0 |  -nan |  -nan | 100.0 | 109.3
       Dungeon | 100.0 | 100.0 |  -nan |  -nan | 100.0 | 109.3
               +-------+-------+-------+-------+-------+----------------------

Vanquished Creatures
  The ghost of gw the Magician, an average DEAE (D:3)
  6 adders
  5 gnolls (D:3)
  3 worms
  5 giant cockroaches
  4 hobgoblins (D:1)
  8 jackals
  3 ball pythons
  2 bats (D:1)
  6 giant newts
  9 goblins
  3 kobolds
  8 rats
63 creatures vanquished.

Notes
Turn   | Place    | Note
--------------------------------------------------------------
     0 | D:1      | gw, the High Elf Air Elementalist, began the quest for the Orb.
     0 | D:1      | Reached XP level 1. HP: 11/11 MP: 4/4
   447 | D:1      | Reached XP level 2. HP: 15/18 MP: 0/6
   500 | D:1      | Learned a level 2 spell: Swiftness
   503 | D:1      | Learned a level 2 spell: Repel Missiles
   675 | D:1      | Reached skill level 4 in Air Magic
  1466 | D:2      | Reached skill level 1 in Fighting
  1466 | D:2      | Reached XP level 3. HP: 16/23 MP: 0/9
  1568 | D:2      | Learned a level 3 spell: Flight
  1866 | D:2      | Reached XP level 4. HP: 28/28 MP: 3/13
  2822 | D:3      | Noticed gw's ghost (average DEAE)
  2831 | D:3      | Killed gw's ghost
  2831 | D:3      | Reached XP level 5. HP: 25/33 MP: 6/16
  2943 | D:3      | Learned a level 3 spell: Static Discharge
  3093 | D:3      | HP: 1/34 [poisoned by an adder]
  3093 | D:3      | Slain by a gnoll

Action                   |  1- 3 |  4- 6 || total
-------------------------+-------+-------++-------
Melee: Club              |     5 |       ||     5
       Short sword       |    10 |    11 ||    21
 Cast: Shock             |    81 |    92 ||   173
       Repel Missiles    |     1 |       ||     1
       Static Discharge  |       |     1 ||     1
  Use: Scroll            |     5 |     1 ||     6
       Potion            |     3 |     2 ||     5
  Eat: Bread ration      |     1 |       ||     1
       Chunk             |       |     2 ||     2

Vault maps used:
D:1:      ncdulo_lavacross
D:2:      first_bread
D:3:      good_gods_mini_temple
